 Dungeon Crawl Stone Soup version 0.30.1 (webtiles) character file.

Game seed: 2546195331871381341

354 Gabide the Ruffian (level 6, 0/49 HPs)
             Began as a Mummy Berserker on July 11, 2023.
             Was a Believer of Trog.
             Slain by Prince Ribbit (7 damage)
             ... on level 4 of the Dungeon.
             The game lasted 00:09:51 (3859 turns).

Gabide the Ruffian (Mummy Berserker)                Turns: 3859, Time: 00:09:51

Health: 0/49       AC:  7    Str: 23    XL:     6   Next: 35%
Magic:  0/6        EV: 12    Int:  6    God:    Trog [**....]
Gold:   140        SH:  0    Dex: 11    Spells: 5/5 levels left

rFire   x .          .
                       - Unarmed
rCold   + . .        (no shield)
rNeg    + + +        a - +0 animal skin
rPois   ∞            e - +1 helmet
rElec   .            k - +0 cloak
rCorr   .            h - +0 pair of gloves
SInv    .            g - +0 pair of boots
Will    ++...        f - amulet of guardian spirit
Stlth   +            (no ring)
HPRegen 1.28/turn    (no ring)
MPRegen 0.10/turn

%: guardian spirit, faith
@: strong-willed, regenerating
A: cold resistance 1, negative energy resistance 3, torment resistance 2, heat
vulnerability 1, in touch with death 1, no potions, faith
a: Renounce Religion, Trog's Hand


You were on level 4 of the Dungeon.
You worshipped Trog.
Trog was pleased with you.
You visited 2 branches of the dungeon, and saw 6 of its levels.

You collected 140 gold pieces.

Inventory:

Armour
 a - a +0 animal skin (worn)
 e - a +1 helmet (worn)
 g - a +0 pair of boots (worn)
 h - a +0 pair of gloves (worn)
 k - a +0 cloak (worn)
Jewellery
 f - an amulet of guardian spirit (around neck)
Scrolls
 c - a scroll of blinking
 d - a scroll of butterflies {unknown}
 i - a scroll of teleportation


   Skills:
 + Level 4.3 Fighting
 - Level 2.0 Armour
 + Level 3.0 Dodging
 * Level 4.4 Unarmed Combat


You had 5 spell levels left.
You didn't know any spells.
Your spell library was empty.

Dungeon Overview and Level Annotations

Branches:
Dungeon (5/15)             Temple (1/1) D:4

Altars:
Ashenzari
Cheibriados
Dithmenos
Fedhas
Gozag
Hepliaklqana
Kikubaaqudgha
Makhleb
Nemelex Xobeh
Okawaru
Qazlal
Ru
Sif Muna
Uskayaw
Wu Jian
Xom
Yredelemnul

Annotations:
D:4 Prince Ribbit


Innate Abilities, Weirdness & Mutations

You are immune to poison.
Your flesh is cold resistant. (rC+)
You are immune to negative energy. (rN+++)
You are immune to unholy pain and torment.
You are vulnerable to heat. (rF-)
You are in touch with the powers of death.
You do not drink.
You have a special connection with the divine. (Faith)


Message History

Prince Ribbit is heavily wounded.
Prince Ribbit hits you!
You are too injured to fight recklessly!
You are too injured to fight recklessly!
You are too injured to fight recklessly!
You are too injured to fight recklessly!
You are too injured to fight recklessly!
You are too injured to fight recklessly!
You are too injured to fight recklessly!
You are too injured to fight recklessly!
You are too injured to fight recklessly!
You are too injured to fight recklessly!
You are too injured to fight recklessly!
You are too injured to fight recklessly!
Your skin crawls.
You feel strong-willed. Prince Ribbit hits you!
* * * LOW HITPOINT WARNING * * *
Prince Ribbit hits you.
* * * LOW HITPOINT WARNING * * *
Prince Ribbit sighs, "It's not easy being green!"
There is an open door here.
Blink to where?
Press: ? - help, Dir - move target, f - you
Okay, then.
Unknown command.
Okay, then.
You aren't carrying any items that you can evoke.
Okay, then.
You can't drink.
Okay, then.
Unknown command.
Unknown command.
Unknown command.
Blink to where?
Press: ? - help, Dir - move target
As you read the scroll of blinking, it crumbles to dust.
Prince Ribbit blinks!
Prince Ribbit hits you!
You die...

.##.####...........#.##### #..
###.# #####......##.# #.. ###.#
#.#...###.# #.. ....# ##+##.##
#.# #.# .##.# ##...###
#.##########.. .##.# ##.....##
#.........#### ....# ##......>##
###..####.#
....####.........####...####.####
.......§........@'.....#.........
....####>......F.####.###.##.#.##
.#..# ##.......## ##.#..##.#.#
.##.# ##.....## #.......#.# ..#.#
##..:## ####.####.# #.#.# ##'##
#.# #.## #.#.# #.# #.# #... ....#
#.# #.# #### #.### ######.## #.#


You could see Prince Ribbit.

Vanquished Creatures
  Sigmund (D:4)
  A centaur (D:3)
  A jelly (D:4)
  Robin (D:2)
  A dart slug (D:2)
  A worm (D:2)
  An orc (D:3)
  7 bats
  6 endoplasms
  A giant cockroach (D:2)
  13 goblins
  8 hobgoblins
  10 kobolds
  2 quokkas
  4 ball pythons
  3 frilled lizards
  3 rats
64 creatures vanquished.

Notes
Turn   | Place    | Note
-------+----------+-------------------------------------------
     0 | D:1      | Gabide the Mummy Berserker began the quest for the Orb.
     0 | D:1      | Reached XP level 1. HP: 18/18 MP: 1/1
   258 | D:1      | Reached XP level 2. HP: 24/24 MP: 2/2
   957 | D:2      | Reached ** piety under Trog
  1362 | D:2      | Noticed Robin
  1375 | D:2      | Gained mutation: You are in touch with the powers of death.
                  | [Mummy growth]
  1375 | D:2      | Reached XP level 3. HP: 27/29 MP: 3/3
  1474 | D:2      | Killed Robin
  1948 | D:3      | Noticed a centaur
  1974 | D:3      | Killed a centaur
  1975 | D:3      | Reached XP level 4. HP: 20/37 MP: 1/4
  1975 | D:3      | Reached XP level 5. HP: 23/42 MP: 1/5
  2717 | D:4      | Noticed Sigmund
  2790 | D:4      | Killed Sigmund
  2791 | D:4      | Reached XP level 6. HP: 14/48 MP: 1/6
  2958 | D:4      | Found a staircase to the Ecumenical Temple.
  2964 | Temple   | Entered the Ecumenical Temple
  3840 | D:5      | Entered Level 5 of the Dungeon
  3841 | D:5      | Found a stormy altar of Qazlal.
  3842 | D:5      | Found a hide-covered altar of Uskayaw.
  3842 | D:5      | Noticed Prince Ribbit
  3855 | D:4      | HP: 2/49 [Prince Ribbit (5)]
  3859 | D:4      | Slain by Prince Ribbit

Illustrated notes

Levels and vault maps discovered:
D:1:      co_arrival_square_in_a_square_in_a_square, layout_loops_ring
D:2:      layout_basic, uniq_robin
D:3:      layout_rooms
D:4:      layout_loops_corners, minmay_temple_entry_enclosed_plants,
          uniq_sigmund
D:5:      layout_cave_pools, grunt_temple_overflow_open, serial_shops,
          nicolae_shop_hallway_plus, uniq_prince_ribbit1
Temple:   bh_familiar_temple

Skill      XL: |  1  2  3  4  5  6 |
---------------+-------------------+-----
Unarmed Combat | 3 4 |  4.4
Armour         | 2 |  2.0
Dodging        | 2 3 |  3.0
Fighting       | 4 |  4.3

Action                     |  1- 3 |  4- 6 || total
---------------------------+-------+-------++-------
  Melee: Unarmed           |   216 |   118 ||   334
         Punch             |     5 |     2 ||     7
 Invoke: Trog's Hand       |       |     4 ||     4
    Use: Scroll            |     6 |     3 ||     9
   Stab: Sleeping          |     2 |       ||     2
 Armour: Animal skin       |    56 |    33 ||    89
  Dodge: Dodged            |   137 |    58 ||   195
